 Dungeon Crawl Stone Soup version 0.29.1-15-g9cfb28693d (webtiles) character file.

Game seed: 14132519096910130825

135 firemarshallily the Sneak (level 5, -1/36 HPs)
             Began as an Octopode Brigand on Mar 14, 2023.
             Was a Believer of Sif Muna.
             Slain by a goblin
             ... wielding a +0 club
              (6 damage)
             ... on level 2 of the Dungeon.
             The game lasted 00:06:29 (2326 turns).

firemarshallily the Sneak (Octopode Brigand)        Turns: 2326, Time: 00:06:30

Health: -1/36      AC:  1    Str: 10    XL:     5   Next: 18%
Magic:  5/5        EV: 13    Int: 13    God:    Sif Muna [**....]
Gold:   53         SH:  0    Dex: 16    Spells: 4/4 levels left

rFire   . . .      SeeInvis .   a - +3 dagger (drain)
rCold   . . .      Faith    .   (no shield)
rNeg    . . .      Spirit   .   (helmet restricted)
rPois   .          Reflect  .   (no amulet)
rElec   .          Harm     .   (no ring)
rCorr   .          Rampage  .   (no ring)
Will    .....                   (no ring)
Stlth   ++++......              (no ring)
HPRegen 0.12/turn               (no ring)
MPRegen 0.09/turn               (no ring)
                                (no ring)
                                (no ring)

@: no status effects
A: almost no armour, amphibious, 8 rings, camouflage 1, gelatinous body 1,
(nimble swimmer 1), tentacles
a: Renounce Religion, Channel Magic


You were on level 2 of the Dungeon.
You worshipped Sif Muna.
Sif Muna was pleased with you.
You visited 1 branch of the dungeon, and saw 2 of its levels.

You collected 53 gold pieces.

Inventory:

Hand Weapons
 a - a +3 dagger of draining (weapon)
Missiles
 b - 9 poisoned darts (quivered)
 c - 2 curare-tipped darts


   Skills:
 + Level 3.0 Fighting
 * Level 3.9 Short Blades
 - Level 2.0 Throwing
 - Level 1.0 Dodging
 + Level 6.4 Stealth


You had 4 spell levels left.
You didn't know any spells.
Your spell library was empty.

Dungeon Overview and Level Annotations

Branches:
Dungeon (2/15)

Altars:
Sif Muna


Innate Abilities, Weirdness & Mutations

You cannot wear most types of armour.
You are amphibious.
You can wear up to eight rings at the same time.
Your skin changes colour to match your surroundings (Stealth+).
Your rubbery body absorbs attacks. (AC +1, EV +1)
((You are camouflaged when in or above water. (Stealth+)))
You have tentacles for arms and can constrict up to eight enemies at once.


Message History

You hit the hobgoblin but do no damage. You drain the hobgoblin.
You grab the hobgoblin.
The hobgoblin is moderately wounded.
You constrict the hobgoblin, but do no damage.
The hobgoblin hits you. The goblin hits you with a +0 dagger.
You barely miss the goblin. Your grab misses the goblin.
You constrict the hobgoblin. You closely miss Robin. Your grab misses Robin.
Robin is heavily wounded.
You constrict the hobgoblin, but do no damage.
The goblin hits you with a +0 dagger.
The hobgoblin struggles to escape constriction.
Robin barely misses you.
You hit Robin. You drain Robin. Your grab misses Robin.
Robin is almost dead.
You constrict the hobgoblin.
You kill the hobgoblin!
Sif Muna accepts your kill. The goblin hits you with a +0 dagger.
You barely miss Robin. Your grab misses Robin. You squeeze Robin.
You kill Robin!
Sif Muna accepts your kill. The goblin hits you but does no damage.
The hobgoblin barely misses you.
Your Fighting skill increases to level 3!
You barely miss the hobgoblin. Your grab misses the hobgoblin.
The goblin barely misses you. The goblin hits you with a +0 dagger.
The hobgoblin barely misses you.
You closely miss the goblin. You grab the goblin. You squeeze the goblin.
You kill the goblin!
Sif Muna accepts your kill.
You closely miss the hobgoblin. Your grab misses the hobgoblin.
The hobgoblin closely misses you. The goblin hits you with a +0 club.
* * * LOW HITPOINT WARNING * * *
You hit the hobgoblin. You grab the hobgoblin.
The hobgoblin is severely wounded.
You constrict the hobgoblin, but do no damage.
The hobgoblin barely misses you. The goblin hits you with a +0 club.
* * * LOW HITPOINT WARNING * * *
The goblin hits you with a +0 club.
You die...

#.###.#.# ####.# ####.###
#.# #.#.# #รท# #......#
#.# ... # ##'## #.##.#.#
#.# ..g. ##...## #.##...#
#.# ..g.#
##.....###.##.#.#
#.###.#.#
##.......##.##...# ...
....####.........#.##...##
...
?.....'.)..............>.
###
g..####.)@g......###...#.
##gg.....#.# .##
##.(...##.# # ##...###.#
##'## #.# .# #.# .# #.. .#


You could see a hobgoblin (strong) and 2 goblins.

Vanquished Creatures
  Terence (D:2)
  Robin (D:2)
  3 gnolls
  An adder (D:2)
  3 worms (D:2)
  3 endoplasms
  2 giant cockroaches (D:1)
  7 goblins
  10 hobgoblins
  4 quokkas
  3 ball pythons (D:1)
  7 bats
  2 frilled lizards
  3 rats
50 creatures vanquished.

Notes
Turn   | Place    | Note
-------+----------+-------------------------------------------
     0 | D:1      | firemarshallily the Octopode Brigand began the quest for
                  | the Orb.
     0 | D:1      | Reached XP level 1. HP: 14/14 MP: 1/1
   343 | D:1      | Found a faded altar of an unknown god.
   348 | D:1      | Prayed at the altar of an unknown god.
   348 | D:1      | Became a worshipper of Sif Muna the Loreminder
   348 | D:1      | Reached * piety under Sif Muna
   398 | D:1      | Reached XP level 2. HP: 19/19 MP: 2/2
   917 | D:1      | Reached XP level 3. HP: 25/25 MP: 3/3
  1205 | D:2      | Reached skill level 6 in Stealth
  1312 | D:2      | Reached XP level 4. HP: 22/30 MP: 4/4
  1314 | D:2      | Reached ** piety under Sif Muna
  1565 | D:2      | Noticed Terence
  1568 | D:2      | Killed Terence
  1949 | D:2      | Noticed Robin
  2308 | D:2      | Reached XP level 5. HP: 33/36 MP: 5/5
  2322 | D:2      | Killed Robin
  2326 | D:2      | Slain by a goblin

Illustrated notes

Levels and vault maps discovered:
D:1:      minmay_arrival_five_plusses, layout_loops_corners,
          shapermc_ecumenical_altar_petra
D:2:      layout_loops_corners, minmay_misc_feat_hallway, uniq_robin,
          uniq_terence

Skill      XL: |  1  2  3  4  5 |
---------------+----------------+-----
Short Blades   | 3 |  3.9
Stealth        | 6 |  6.4
Fighting       | 3 |  3.0
Throwing       | |  2.0
Dodging        | |  1.0

Action                   |  1- 3 |  4- 6 || total
-------------------------+-------+-------++-------
Melee: Dagger            |    53 |    55 ||   108
       Constrict         |    12 |    13 ||    25
       Tentacles         |     5 |     8 ||    13
Throw: Dart              |       |     1 ||     1
  Use: Scroll            |       |     6 ||     6
       Potion            |       |     3 ||     3
 Stab: Sleeping          |    12 |     3 ||    15
       Distracted        |       |     1 ||     1
Armor: Skin              |     1 |     6 ||     7
Dodge: Dodged            |    28 |    24 ||    52
